 Dungeon Crawl Stone Soup version 0.24.0-123-gd5b16e6ec5 (webtiles) character file.

Game seed: 106118261329601102, levelgen mode: deterministic

105 hazymike the Caller (level 4, 0/36 HPs)
             Began as a Demigod Summoner on Feb 9, 2020.
             Killed by nerve-wracking pain
             ... invoked by Grinder
              (9 damage)
             ... on level 3 of the Dungeon.
             The game lasted 00:20:31 (3791 turns).

hazymike the Caller (Demigod Summoner)              Turns: 3791, Time: 00:20:31

Health: 0/36       AC:  5    Str: 11    XL:     4   Next: 29%
Magic:  9/9        EV: 11    Int: 21    God:
Gold:   156        SH:  0    Dex: 16    Spells: 4/7 levels left

rFire    . . .     SeeInvis .   h - +0 dagger
rCold    . . .     Gourm    .   (no shield)
rNeg     . . .     Faith    .   b - +0 ring mail
rPois    .         Spirit   .   (no helmet)
rElec    .         Reflect  .   (no cloak)
rCorr    .         Harm     .   (no gloves)
MR       .....                  (no boots)
Stlth    +.........             (no amulet)
HPRegen  0.12/turn              (no ring)
MPRegen  0.11/turn              (no ring)

@: no status effects
A: high mp 1
a: no special abilities


You were on level 3 of the Dungeon.
You were not hungry.

You visited 1 branch of the dungeon, and saw 3 of its levels.

You collected 156 gold pieces.

Inventory:

Hand Weapons
 h - a +0 dagger (weapon)
Missiles
 e - 67 stones
 g - a boomerang (quivered)
Armour
 b - a +0 ring mail (worn)
 o - a +0 pair of gloves
Jewellery
 j - an uncursed amulet of harm {unknown}
 n - an uncursed ring of positive energy {unknown}
Wands
 p - a wand of disintegration (24)
 q - a wand of iceblast (4)
Scrolls
 f - a scroll of fog {unknown}
 i - 2 scrolls of amnesia {unknown}
 l - 4 scrolls of identify {unknown}
 m - a scroll of remove curse {unknown}
Potions
 a - a potion of curing {unknown}
 d - a potion of heal wounds {unknown}
 k - 2 potions of mutation {unknown}
 r - a potion of might {unknown}
Comestibles
 c - 11 rations
 s - a chunk of flesh


   Skills:
 + Level 1.8 Fighting
 + Level 2.8 Dodging
 - Level 2.0 Stealth
 - Level 2.0 Spellcasting
 + Level 4.2 Summonings


You had 4 spell levels left.
You knew the following spells:

 Your Spells              Type           Power        Failure   Level  Hunger
a - Summon Small Mammal   Summ           ###.         6%          1    #......
b - Call Imp              Summ           ###.....     10%         2    ##.....

Your spell library contained the following spells:

 Spells                   Type           Power        Failure   Level  Hunger
 Call Canine Familiar     Summ           ###.....     19%         3    ###....
 Summon Guardian Golem    Hex/Summ       ##......     41%         3    ###....
 Summon Ice Beast         Ice/Summ       ##......     83%         4    #####..
 Summon Lightning Spire   Summ/Air       ##......     83%         4    #####..


Dungeon Overview and Level Annotations

Branches:
Dungeon (3/15)

Annotations:
D:3 Grinder


Innate Abilities, Weirdness & Mutations

You have an increased reservoir of magic. (+10% MP)


Message History

You resist with significant effort. Grinder gestures at you.
Pain shoots through your body!
Grinder says, "What is the universe for?"
Grinder gestures at you.
You suddenly lose the ability to move!
Grinder says, "My boss said I was rubbish.
His entrails said otherwise."
Grinder gestures at you.
You barely resist.
You can move again.
Your crimson imp disappears in a puff of smoke!
Grinder gestures at you. Pain shoots through your body!
Grinder gestures at you. Pain shoots through your body!
* * * LOW HITPOINT WARNING * * *
There is a stone staircase leading up here.
Grinder gestures at you. Pain shoots through your body!
You die...

#.# #.....# #.# #.....#
#.# #.....# #.# #.....#
#.# #.....# #.# #.....#
#.#########'########
#......# #>........
#......# #@########
#......####........
#...........#####.(
######...........#
#....#..........5#
##.#.#)####.....l#
#.#.#.####......#
#...............#
#...#...........#######


You could see Grinder and a frilled lizard.

Vanquished Creatures
  An adder (D:2)
  3 worms (D:2)
  2 dart slugs (D:1)
  An orc (D:2)
  5 bats (D:2)
  3 giant cockroaches
  2 goblins (D:2)
  6 hobgoblins
  11 jackals
  A quokka (D:2)
  A ball python (D:1)
  4 frilled lizards
  5 kobolds (D:1)
  6 rats
51 creatures vanquished.

Vanquished Creatures (collateral kills)
  2 adders
  An ooze (D:2)
  A leopard gecko (D:2)
  An orc (D:2)
  3 goblins (D:1)
  6 hobgoblins
  4 jackals
  A bat (D:2)
  3 kobolds
  2 rats
24 creatures vanquished.

Grand Total: 75 creatures vanquished

Notes
Turn   | Place    | Note
-------+----------+-------------------------------------------
     0 | D:1      | hazymike the Demigod Summoner began the quest for the Orb.
     0 | D:1      | Reached XP level 1. HP: 14/14 MP: 5/5
   593 | D:1      | Reached XP level 2. HP: 22/22 MP: 7/7
   600 | D:1      | Learned a level 2 spell: Call Imp
   998 | D:1      | Reached skill level 1 in Fighting
  1474 | D:2      | Reached XP level 3. HP: 26/28 MP: 6/8
  1595 | D:2      | Reached skill level 4 in Summonings
  2929 | D:2      | Reached XP level 4. HP: 34/35 MP: 7/9
  3752 | D:3      | Noticed Grinder
  3776 | D:3      | Paralysed by Grinder for 7 turns
  3791 | D:3      | Killed from afar by Grinder

Levels and vault maps discovered:
D:1:      lightli_arrival_statue_moat, layout_loops_ring,
          minmay_misc_feat_enclosed
D:2:      kennysheep_six_static_rooms, layout_basic, minmay_pentomino_w4
D:3:      layout_basic, uniq_sigmund, uniq_grinder

Skill      XL: |  1  2  3 |
---------------+----------+-----
Stealth        | 2 |  2.0
Dodging        | 2 |  2.8
Spellcasting   | 2 |  2.0
Fighting       | 1 |  1.8
Summonings     | 4 |  4.2

Action                   |  1- 3 |  4- 6 || total
-------------------------+-------+-------++-------
Melee: Club              |     7 |       ||     7
       Dagger            |   163 |    53 ||   216
       Unarmed           |     1 |       ||     1
Throw: Stone             |     1 |       ||     1
       Boomerang         |    40 |     7 ||    47
 Cast: Summon Small Mamm |    37 |     4 ||    41
       Call Imp          |       |     2 ||     2
 Stab: Sleeping          |     3 |       ||     3
  Eat: Chunk             |     5 |     5 ||    10
Armor: Robe              |     3 |       ||     3
       Ring mail         |    66 |    14 ||    80
Dodge: Dodged            |    91 |    20 ||   111
